 Dungeon Crawl Stone Soup version 0.21.1-1-g345015fe64 (webtiles) character file.

61 Gargoyl the Skirmisher (level 3, -1/46 HPs)
             Began as a Centaur Abyssal Knight on June 16, 2018.
             Was a Believer of Lugonu.
             Slain by a goblin (2 damage)
             ... led by Robin
             ... on level 2 of the Dungeon.
             The game lasted 00:03:02 (1307 turns).

Gargoyl the Skirmisher (Centaur Abyssal Knight)     Turns: 1307, Time: 00:03:02

Health: -1/46      AC: 21    Str: 14    XL:     3   Next: 83%
Magic:  4/4        EV:  1    Int: 11    God:    Lugonu [**....]
Gold:   121        SH:  2    Dex:  9    Spells: 2/2 levels left

rFire    . . .     SeeInvis .   a - +1 hand axe
rCold    . . .     Gourm    .   d - +0 buckler
rNeg     + + +     Faith    .   (armour currently unavailable)
rPois    +         Spirit   .   (helmet currently unavailable)
rElec    .         Reflect  .   (cloak currently unavailable)
rCorr    .         Harm     .   (gloves currently unavailable)
MR       .....     NoTele   +   (no barding)
Stlth    +.........             (no amulet)
HPRegen  0.15/turn              (no ring)
MPRegen  0.09/turn              (no ring)

@: tree-form
A: large
a: Depart the Abyss, Bend Space, Renounce Religion


You were on level 2 of the Dungeon.
You worshipped Lugonu.
Lugonu was pleased with you.
You were hungry.
You were a tree.
You visited 1 branch of the dungeon, and saw 2 of its levels.
You visited the Abyss 1 time.

You collected 121 gold pieces.

Inventory:

Hand Weapons
 a - a +1 hand axe (weapon)
Missiles
 h - 6 tomahawks of returning (quivered)
Armour
 d - a +0 buckler (worn)
 j - a +0 helmet (melded)
 k - a +0 ring mail (melded)
Scrolls
 b - a scroll of fear {unknown}
 f - a scroll of identify
Potions
 i - a potion of cancellation {unknown}
Comestibles
 c - a ration


   Skills:
 + Level 3.6 Fighting
 + Level 2.1 Axes
 * Level 2.2 Armour
 + Level 0.8 Dodging
 * Level 2.4 Invocations


You had 2 spell levels left.
You didn't know any spells.

Dungeon Overview and Level Annotations

Branches:
Dungeon (2/15)

Altars:
Kikubaaqudgha


Innate Abilities, Weirdness & Mutations

((You have hooves in place of feet.))
((Armour fits poorly on your strangely shaped body.))
((You cover ground very quickly.))
((You have extremely tough skin. (AC +3)))


Message History

You are no longer poisoned.
The goblin barely misses you.
Things that are here:
a whip; a kobold corpse You turn into a tree.
Your +0 helmet melds into your body.
Your +0 ring mail melds into your body.
Your roots penetrate the ground.
The goblin no longer looks unusually strong.
The goblin hits you.
* * * LOW HITPOINT WARNING * * *
Unknown command.
You miss the goblin.
The goblin is severely wounded.
The goblin hits you but does no damage.
You barely miss the goblin.
The goblin is severely wounded.
The goblin hits you but does no damage.
You barely miss the goblin.
The goblin is severely wounded.
The goblin hits you.
You die...

# .. #. .. #.. #.# #.#
..## #..# ##....
##..#####..####
#.......)...... #..
#....♣g)).### ..#
........)).$..##### ..(
###.......)...<...###...
..........>###.##.......
##....###### #.###.#...
####. #..##.#.## ##
###......# #...###.##
.....#..#..# #


You could see a goblin.

Vanquished Creatures
  Robin (D:2)
  An adder (D:2)
  A worm (D:2)
  A giant cockroach (D:1)
  14 goblins
  7 hobgoblins
  3 ball pythons (D:1)
  A bat (D:1)
  2 kobolds
  5 rats
36 creatures vanquished.

Notes
Turn   | Place    | Note
-------+----------+-------------------------------------------
     0 | Abyss:1  | Gargoyl the Centaur Abyssal Knight began the quest for the Orb.
     0 | Abyss:1  | Reached XP level 1. HP: 19/19 MP: 2/2
     1 | Abyss:1  | Found a corrupted altar of Lugonu.
    25 | Abyss:2  | Noticed a profane servitor
    28 | D:1      | Escaped the Abyss
    29 | D:1      | Noticed a vampire
    32 | D:1      | Noticed an ogre
    39 | D:1      | Noticed a gargoyle
    43 | D:1      | Noticed a formicid
    45 | D:1      | Noticed a spriggan
    47 | D:1      | Noticed a ghoul
   499 | D:1      | Reached * piety under Lugonu
   499 | D:1      | Reached XP level 2. HP: 26/26 MP: 3/3
  1226 | D:2      | Found an ancient bone altar of Kikubaaqudgha.
  1285 | D:2      | Noticed Robin
  1288 | D:2      | Reached XP level 3. HP: 28/31 MP: 4/4
  1294 | D:2      | Killed Robin
  1298 | D:2      | Reached ** piety under Lugonu
  1304 | D:2      | HP: 1/46 [goblin[Robin] (2)]
  1307 | D:2      | Slain by a goblin

Skill      XL: |  1  2  3 |
---------------+----------+-----
Armour         | 2 |  2.2
Axes           | 2 |  2.1
Fighting       | |  3.6
Dodging        | |  0.8
Invocations    | |  2.4

Action                   || total
-------------------------++-------
Melee: Hand axe          ||    73
       Kick              ||    13
Invok: Depart the Abyss  ||     1
  Use: Scroll            ||     2
       Potion            ||     1
Armor: Leather armour    ||    10
       Ring mail         ||    23
       Skin              ||     2
Dodge: Dodged            ||    24
Block: Buckler           ||     7
